AoeStats
← V4amp

Arabia

505802666Analyzed
1v1 RM · 21d ago on Sep 11, 2026· 61m 9s· 2 players
Game mode
Random Map
Map size
Tiny (2 player)
Population
200
Speed
Normal
Resources
Standard
Victory
Conquest
Starting age
Dark Age
Ending age
Imperial Age
RankedLock teamsTeams togetherTeam positionsShared explorationLock speedFull tech treeHidden civsTurbo modeCheats
Victory
Defeat
🇦🇺 Spanish · Australia
1094
+17
🇦🇷 Franks · Argentina
1121
-17
V4amp
12:44 Feudal Age
16:52 Castle Age
15:37 Double-Bit Axe
18:38 Bow Saw
19:26 Horse Collar
20:23 Fletching
20:55 Heavy Plow
22:00 Padded Archer Armor
23:34 Bodkin Arrow
27:13 Ballistics
27:33 Forging
31:32 Imperial Age
29:27 Leather Archer Armor
29:38 Gold Mining
32:49 Stone Mining
33:21 Elite Conquistador
37:02 Onager
40:43 Two-Man Saw
42:24 Bracer
42:55 Ring Archer Armor
43:01 Iron Casting
43:35 Chemistry
44:39 Wheelbarrow
43:51 Loom
53:58 Stone Shaft Mining
54:26 Blast Furnace
53:09 Pikeman
53:50 Squires
54:09 Halberdier
pablacca
2:42 Loom
9:36 Feudal Age
10:22 Double-Bit Axe
13:38 Forging
19:38 Castle Age
17:59 Fletching
19:12 Scale Barding Armor
20:53 Wheelbarrow
20:53 Bow Saw
21:00 Bodkin Arrow
32:36 Imperial Age
30:46 Ballistics
34:32 Chemistry
35:26 Murder Holes
39:11 Iron Casting
40:32 Husbandry
39:52 Cavalier
43:45 Padded Archer Armor
44:06 Chain Barding Armor
44:47 Blast Furnace
43:34 Elite Skirmisher
47:29 Leather Archer Armor
Connection lost

Rejoining the realm…

Still unreachable

The connection could not be restored.

Session expired

The server has moved on; the page needs a fresh start.